Map: Kairos Junction LE

Players

HamsterSales - Winner!

  • Race: Zerg Zerg
  • League: Diamond
  • Spawn Location: 11:00

FirstStrike

  • Race: Terran Terran
  • League: Diamond
  • Spawn Location: 5:00

VOD

Have the link to the VOD?

Description

Time

  • Played on: May 4, 2019, 4:31 p.m.
  • Length: 15:42
Show
View Real Time Build Order
Export as new Build Order

HamsterSales Zerg - Winner!

Build Orders: Hatch First, Roach Hydra 

Get SALT Encoding   

  12  0:01  Drone  
  13  0:13  Overlord  
  13  0:18  Drone  
  14  0:32  Drone x2  
  16  0:51  Hatchery  
  16  0:56  Drone x2  
  17  1:11  Spawning Pool  
  16  1:18  Drone  
  16  1:19  Drone  
  16  1:20  Drone  
  19  1:35  Drone  
  20  1:40  Overlord  
  20  1:56  Drone  
  20  1:58  Queen  
  23  2:02  Queen  
  23  2:04  Zergling x4  
  27  2:13  Drone  
  28  2:25  Drone x3  
  31  2:36  Drone  
  31  2:37  Drone  
  33  2:40  Hatchery  
  33  2:42  Queen  
  34  2:57  Drone x2  
  36  2:59  Overlord x2  
  36  3:04  Roach Warren  
  35  3:06  Drone  
  36  3:18  Queen  
  36  3:19  Drone  
  40  3:20  Drone x3  
  42  3:31  Drone x4  
  42  3:32  Evolution Chamber  
  42  3:33  Extractor  
  44  3:34  Extractor  
  44  3:40  Spine Crawler  
  41  3:52  Queen  
  43  4:16  Drone x12  
  55  4:22  Drone x2  
  54  4:57  Overlord x5  
  49  5:07  Lair  
  49  5:13  Spore Crawler  
  47  5:14  Spore Crawler  
  47  5:15  Spore Crawler  
  45  5:31  Spore Crawler  
  42  5:35  Spore Crawler  
  39  5:45  Zerg Missile Weapons Level 1  
  36  5:50  Queen  
  36  5:52  Queen  
  36  5:55  Drone x10  
  50  5:58  Extractor  
  50  5:59  Drone, Extractor  
  50  6:00  Drone x2  
  51  6:07  Overseer x2  
  52  6:18  Drone x3  
  52  6:19  Drone x3  
  57  6:30  Drone, Hydralisk Den  
  57  6:32  Overseer x2  
  57  6:33  Spore Crawler  
  57  6:36  Drone x2  
  57  6:37  Drone  
  59  6:52  Drone x3  
  59  6:53  Drone x3  
  65  6:55  Drone  
  65  6:56  Drone x4  
  70  7:01  Muscular Augments  
  70  7:03  Glial Reconstitution  
  70  7:06  Roach x3  
  76  7:20  Roach x5  
  76  7:22  Roach  
  88  7:26  Roach, Spine Crawler  
  88  7:28  Overlord x4  
  89  7:43  Drone  
  87  7:51  Spore Crawler x2  
  87  7:53  Hydralisk  
  87  7:54  Hydralisk x5  
  95  8:02  Spore Crawler  
  95  8:04  Spore Crawler  
  94  8:13  Hydralisk, Grooved Spines  
  94  8:14  Hydralisk x3  
  102  8:21  Pneumatized Carapace  
  98  8:42  Drone x3  
  98  8:43  Drone x3  
  98  8:44  Extractor  
  98  8:45  Drone x2, Extractor  
  98  8:46  Drone x2  
  98  8:47  Drone x4  
  110  8:49  Roach x2  
  114  8:59  Hydralisk x2, Roach  
  114  9:00  Roach  
  114  9:01  Overlord x2  
  122  9:16  Overlord x3  
  122  9:17  Overlord  
  122  9:21  Hydralisk  
  122  9:22  Roach x2  
  128  9:25  Overlord  
  128  9:26  Hydralisk  
  128  9:27  Hatchery  
  129  9:38  Hydralisk  
  129  9:39  Hydralisk x2, Roach x2  
  129  9:40  Roach  
  129  9:43  Roach  
  143  9:51  Hydralisk  
  143  9:52  Roach  
  147  9:58  Hydralisk  
  147  9:59  Roach  
  151  10:04  Hydralisk x3  
  151  10:05  Roach x3  
  163  10:08  Hydralisk  
  163  10:09  Roach  
  163  10:11  Roach  
  163  10:13  Hydralisk  
  163  10:14  Roach x3  
  175  10:21  Hydralisk, Spine Crawler  
  172  10:26  Hydralisk  
  172  10:27  Roach  
  178  10:32  Overlord x2  
  174  10:41  Hydralisk x2  
  174  10:42  Roach x3  
  176  10:47  Hydralisk  
  176  10:48  Roach x2  
  174  10:50  Roach  
  174  10:54  Roach  
  164  11:03  Hydralisk, Roach  
  164  11:04  Roach x2  
  172  11:10  Hydralisk, Roach  
  176  11:14  Roach  
  176  11:18  Zerg Missile Weapons Level 2  
  178  11:30  Hydralisk  
  178  11:31  Hydralisk, Roach x2  
  166  11:38  Hydralisk x2, Roach  
  166  11:39  Roach  
  160  11:43  Hydralisk  
  160  11:44  Roach x2  
  166  11:55  Hatchery  
  166  11:59  Extractor  
  166  12:01  Extractor  
  163  12:22  Ravager x4  
  167  12:26  Ravager x3  
  167  12:27  Ravager x2, Roach  
  167  12:28  Roach x6  
  186  12:47  Spore Crawler  
  186  12:49  Drone x3, Spore Crawler, Spine Crawler  
  186  12:50  Drone x3, Spine Crawler  
  188  13:04  Hydralisk x2  
  188  13:05  Roach x2  
  156  13:22  Hydralisk x3, Roach  
  156  13:23  Roach x3  
  170  13:32  Hydralisk  
  170  13:33  Roach  
  174  13:39  Hydralisk  
  174  13:40  Roach  
  178  13:42  Hatchery  
  178  13:44  Drone  
  178  13:55  Hydralisk x2  
  178  13:56  Roach x2  
  184  14:11  Overlord x3  
  184  14:12  Overlord  
  184  14:16  Infestation Pit  
  183  14:17  Overlord x2  
  183  14:19  Spire  
  182  14:33  Queen  
  184  14:39  Queen  
  186  14:48  Hydralisk x2  
  186  14:49  Hydralisk, Roach x4  
  200  14:56  Roach  
  200  15:07  Hydralisk, Roach x2  
  200  15:12  Hydralisk  
  200  15:13  Hydralisk x3, Roach x3  
  200  15:14  Roach  
  167  15:17  Hydralisk x2, Roach  
  167  15:18  Roach x2  
  159  15:22  Roach  
Show
View Real Time Build Order
Export as new Build Order

FirstStrike Terran 

Build Orders: Hellion Banshee 

Get SALT Encoding   

  12  0:00  SCV  
  13  0:13  SCV  
  14  0:19  Supply Depot  
  14  0:25  SCV  
  15  0:40  SCV  
  15  0:41  Barracks  
  16  0:45  Refinery  
  16  0:52  SCV  
  17  1:03  Refinery  
  17  1:04  SCV  
  18  1:16  SCV  
  19  1:29  Orbital Command  
  19  1:30  Marine  
  19  1:31  Supply Depot  
  20  1:46  Factory  
  20  1:55  SCV  
  21  2:02  Barracks Reactor  
  21  2:07  SCV  
  22  2:19  Command Center  
  22  2:20  SCV  
  23  2:32  Supply Depot  
  23  2:35  Starport  
  23  2:47  Hellion x2  
  23  2:50  SCV  
  28  2:53  Barracks Tech Lab  
  28  3:02  SCV  
  29  3:10  Hellion  
  29  3:11  Hellion  
  33  3:23  Cloaking Field  
  33  3:24  Banshee  
  36  3:27  Barracks Tech Lab  
  36  3:33  Orbital Command  
  36  3:42  Hellion  
  36  3:44  Hellion  
  36  3:45  SCV  
  41  3:54  Marine  
  42  4:05  Stimpack  
  42  4:06  SCV  
  42  4:07  Banshee  
  46  4:13  Marine  
  46  4:14  Orbital Command  
  47  4:22  Barracks  
  47  4:27  Hellion x2  
  47  4:29  SCV  
  52  4:31  Marine  
  53  4:43  Liberator  
  49  4:53  Marine  
  49  4:58  SCV  
  49  5:01  Hellion  
  54  5:30  Barracks Tech Lab  
  54  5:31  Marauder, SCV, Hellion x2  
  58  5:49  Banshee  
  61  5:51  SCV  
  61  5:55  Widow Mine  
  61  5:56  Widow Mine  
  62  5:57  Marauder  
  62  6:03  Bunker  
  62  6:11  Command Center  
  62  6:12  Supply Depot  
  62  6:15  SCV x2  
  62  6:16  Widow Mine  
  66  6:27  SCV  
  66  6:30  Hellion  
  66  6:31  Marauder x2  
  73  6:33  SCV  
  73  6:39  SCV  
  75  6:40  Barracks  
  75  6:51  SCV  
  76  6:56  SCV  
  76  6:59  Supply Depot  
  76  7:01  Supply Depot  
  77  7:03  SCV  
  77  7:05  Marauder x2  
  77  7:06  Barracks  
  82  7:11  SCV  
  82  7:12  Concussive Shells  
  83  7:22  SCV, Supply Depot  
  84  7:24  Orbital Command  
  84  7:26  SCV  
  85  7:33  Marauder  
  85  7:34  Barracks Reactor  
  87  7:38  Marauder  
  89  7:55  Marauder  
  91  7:58  Marine  
  92  8:10  Marine, Siege Tank  
  92  8:11  SCV  
  97  8:16  Marine x2, Barracks Reactor  
  97  8:17  Marauder  
  101  8:20  Medivac x2  
  105  8:27  Orbital Command  
  105  8:28  Marine  
  105  8:33  Marine  
  103  8:34  Marauder, SCV  
  103  8:36  Refinery  
  103  8:39  Engineering Bay, Refinery  
  103  8:40  Marauder  
  106  8:43  SCV  
  106  8:45  Engineering Bay  
  106  8:46  Armory, Siege Tank  
  110  8:49  Marine  
  110  8:50  Medivac x2  
  117  8:55  Marauder  
  117  8:56  Supply Depot  
  117  8:58  SCV  
  117  9:02  Marauder  
  120  9:04  Supply Depot  
  120  9:06  Supply Depot, Marine  
  120  9:07  Marine  
  122  9:16  SCV  
  123  9:22  Terran Infantry Weapons Level 1  
  123  9:25  Terran Infantry Armor Level 1  
  123  9:28  SCV  
  123  9:29  SCV  
  125  9:32  Marine x4  
  125  9:35  Supply Depot  
  129  9:39  Marine x2  
  131  9:49  SCV  
  131  9:50  Marine x4  
  136  9:56  Marine  
  136  9:57  Marine  
  138  10:08  Marine x4  
  136  10:14  Marine  
  136  10:15  Marine  
  136  10:25  Marine  
  136  10:26  Marine x3  
  140  10:32  Marine  
  140  10:33  Marauder  
  134  10:43  Marine x2, Liberator x2  
  134  10:44  Marine x2  
  134  10:51  Marauder  
  134  10:53  Marine  
  118  11:00  Siege Tank  
  118  11:01  Marine x3  
  118  11:02  Marine  
  123  11:12  Marauder, Marine  
  123  11:15  SCV  
  127  11:19  Refinery, Marine x4  
  131  11:29  Liberator x2  
  131  11:30  Marauder  
  112  11:33  Marauder  
  112  11:37  Marine x4  
  110  11:51  Marauder  
  112  11:54  Marine x2  
  112  11:55  Siege Tank, Marine x3  
  112  12:00  Barracks  
  120  12:03  Terran Infantry Weapons Level 2  
  120  12:04  Terran Infantry Armor Level 2  
  120  12:10  Command Center  
  120  12:12  Marauder, Marine x3  
  125  12:16  Marine  
  125  12:21  Marine  
  127  12:25  Supply Depot  
  127  12:27  Siege Tank  
  130  12:30  Marine x3  
  130  12:34  Marauder, Marine  
  136  12:39  Marine  
  137  12:48  Marauder, Marine x2  
  138  12:52  Marine  
  138  12:55  Marine  
  138  12:56  Marine  
  141  12:59  Siege Tank  
  143  13:06  Marine x2  
  143  13:10  Marauder, Marine  
  133  13:12  Marine  
  133  13:14  Marine  
  113  13:24  Marine x2  
  112  13:28  Marine  
  112  13:31  Marauder, Siege Tank, Liberator  
  118  13:35  Terran Vehicle Weapons Level 1  
  118  13:36  Barracks Tech Lab  
  118  13:39  Marine  
  118  13:40  Marine  
  117  13:41  Marine  
  120  13:48  Marine  
  120  13:49  Marine  
  120  13:52  Marauder  
  124  13:57  Marine  
  124  13:58  Marine  
  124  13:59  Marine  
  126  14:06  Marine  
  126  14:07  Marine  
  123  14:14  Marauder  
  123  14:15  Marine  
  123  14:16  Marauder  
  128  14:17  Marine  
  128  14:24  Marine x2  
  131  14:33  Marine  
  131  14:34  Marine  
  131  14:35  Marine  
  131  14:37  Marine  
  135  14:42  Marine x2  
  86  15:17  Marine x2  
Tags
 
Add a new tag
Caveats
  • Supply blocks, unpowered buildings, or Contaminate may cause inaccurate times.
  • Supply counts are checked every 10 seconds.